 Dungeon Crawl Stone Soup version 0.30-b1-2-g02819fbbbe (webtiles) character file.

Game seed: 4525036942652230016

5912 nightchill the Severer (level 10, 0/193 HPs)
             Began as a Minotaur Fighter on Oct 27, 2023.
             Was a Believer of Ru.
             Slain by a gnoll sergeant
             ... wielding a +0 spear
              (2 damage)
             ... on level 9 of the Dungeon.
             The game lasted 00:14:02 (8814 turns).

nightchill the Severer (Minotaur Fighter)           Turns: 8814, Time: 00:14:02

Health: 0/193      AC: 25    Str: 25    XL:     10   Next: 53%
Magic:  0/9        EV:  2    Int:  5    God:    Ru [**....]
Gold:   422        SH:  0    Dex: 10    Spells: 9/9 levels left

rFire   . . .        a - +0 war axe
rCold   . . .        x - orb {*Rage}
rNeg    . . .        O - melded +0 plate armour
rPois   +            (helmet currently unavailable)
rElec   .            N - melded +0 cloak
rCorr   .            (gloves currently unavailable)
SInv    .            H - melded +0 pair of boots
Will    .....        g - amulet of guardian spirit Stlth
                     (no ring)
HPRegen 0.52/turn    (no ring)
MPRegen 0.11/turn

%: random rage (20%), guardian spirit
@: berserking (expiring), tree-form, slowed
A: stationary, stasis, torment immunity, boosted hp, (horns 2), frail 1, no
stealth, (retaliatory headbutt)
a: Renounce Religion


You were on level 9 of the Dungeon.
You worshipped Ru.
Ru was pleased with you.
You were a tree.
You visited 1 branch of the dungeon, and saw 9 of its levels.

You collected 422 gold pieces.

Inventory:

Hand Weapons
 a - a +0 war axe (weapon)
 C - the +3 short sword of Patterns {venom, Fly Str+2}
   (You took it off an orc on level 5 of the Dungeon)

   Str:       It affects your strength (+2).
   Fly:       It grants you flight.
 L - a +0 war axe
Missiles
 r - 3 curare-tipped darts (quivered)
Armour
 c - a +0 buckler
 k - a +0 chain mail
 x - an orb of wrath (worn)
 F - a +0 tower shield
 H - a +0 pair of boots (melded)
 N - a +0 cloak (melded)
 O - a +0 plate armour (melded)
Magical Staves
 l - a staff of death
 B - a staff of poison
Jewellery
 g - an amulet of guardian spirit (around neck)
 o - a ring of see invisible
Wands
 d - a wand of quicksilver (21)
 s - a wand of roots (2)
 E - a wand of digging (4)
Scrolls
 e - 2 scrolls of blinking {unknown}
 f - 2 scrolls of summoning {unknown}
 h - 6 scrolls of teleportation {unknown}
 i - a scroll of enchant weapon {unknown}
 j - 4 scrolls of fog {unknown}
 m - 5 scrolls of magic mapping {unknown}
 p - 2 scrolls of torment {unknown}
 u - 4 scrolls of identify {unknown}
 v - 2 scrolls of immolation {unknown}
 w - 2 scrolls of enchant armour {unknown}
 y - a scroll of vulnerability {unknown}
 I - 3 scrolls of poison {unknown}
 K - a scroll of brand weapon {unknown}
 P - a scroll of amnesia {unknown}
 Q - a scroll of fear {unknown}
Potions
 b - 3 potions of lignification
 n - a potion of magic {unknown}
 q - 3 potions of attraction {unknown}
 t - a potion of degeneration {unknown}
 z - a potion of mutation {unknown}
 A - 3 potions of ambrosia {unknown}
 D - 2 potions of invisibility {unknown}
 G - 3 potions of curing
 J - a potion of flight {unknown}
 M - a potion of haste
 R - a potion of brilliance {unknown}


   Skills:
 + Level 11.5 Fighting
 * Level 15.4 Axes
 - Level 3.6 Armour
 - Level 3.6 Shields


You had 9 spell levels left.
You didn't know any spells.
Your spell library contained the following spells:

 Spells                   Type           Power      Damage    Failure   Level
 Apportation              Tloc           0%         N/A       47%         1
 Necrotise                Necr           0%         1d4       47%         1
 Sting                    Tmut/Pois      0%         1d3       47%         1
 Summon Small Mammal      Summ           0%         N/A       47%         1
 Poisonous Vapours        Pois/Air       0%         N/A       63%         2
 Scorch                   Fire           0%         2d5       63%         2
 Call Canine Familiar     Summ           0%         N/A       85%         3
 Gell's Gravitas          Tloc           0%         N/A       85%         3
 Ozocubu's Armour         Ice            0%         N/A       85%         3
 Summon Guardian Golem    Hex/Summ       0%         N/A       85%         3
 Teleport Other           Tloc           0%         N/A       85%         3
 Tukima's Dance           Hex            0%         N/A       85%         3
 Flame Wave               Conj/Fire      0%         2d4       99%         4
 Olgreb's Toxic Radiance  Pois           0%         N/A       99%         4
 Metabolic Englaciation   Hex/Ice        0%         N/A       100%        5
 Dispersal                Tloc           0%         N/A       100%        6
 Simulacrum               Ice/Necr       0%         N/A       100%        6
 Summon Cactus Giant      Summ           0%         N/A       100%        6
 Orb of Destruction       Conj           0%         9d5       100%        7
 Ozocubu's Refrigeration  Ice            0%         4d7       100%        7
 Spellforged Servitor     Conj/Summ      0%         N/A       100%        7
 Dragon's Call            Summ           0%         N/A       100%        9


Dungeon Overview and Level Annotations

Branches:
Dungeon (9/15)             Temple (0/1) D:6
   Lair: D:8-11         Orc: D:9-12

Altars:
Cheibriados
Ru

Annotations:
D:5 1 runed translucent door
D:7 exclusion: door


Innate Abilities, Weirdness & Mutations

You are a tree.
Your roots penetrate the ground, keeping you stationary.
You cannot be teleported.
You are immune to unholy pain and torment.
Your maximum health is greatly increased.
Your equipment is partially melded.
((You have a pair of horns on your head.))
You are frail. (-10% HP)
You cannot be stealthy.
((You reflexively headbutt those who attack you in melee.))


Message History

The gnoll hits you but does no damage.
You hit the hornet.
The hornet is severely wounded.
You slash the wyvern!
You kill the wyvern!
You hit the gnoll.
The gnoll stops glowing.
The hornet stings you but does no damage.
The gnoll hits you but does no damage.
The gnoll sergeant hits you but does no damage.
You slice the gnoll!!
You kill the gnoll!
You closely miss the hornet.
The hornet stings you but does no damage.
The gnoll barely misses you.
The gnoll sergeant hits you from afar with a +0 spear.
* * * LOW HITPOINT WARNING * * *
You miss the hornet.
The hornet is severely wounded.
The hornet stings you but does no damage.
You slice the hornet!!
You kill the hornet!
The gnoll sergeant barely misses you.
The gnoll hits you from afar with a +0 halberd.
* * * LOW HITPOINT WARNING * * *
You are too berserk!
There are monsters nearby!
You cannot move.
You cannot move.
You cannot move.
You cannot move.
The gnoll hits you but does no damage.
The gnoll sergeant hits you but does no damage.
You cannot move.
You cannot move.
You cannot move.
You feel a strong urge to attack something.
The gnoll hits you from afar with a +0 halberd!
* * * LOW HITPOINT WARNING * * *
The gnoll sergeant hits you from afar with a +0 spear.
You die...

>.>.......[[[..........
..............##.....#.
#.....................
####..##........##.......
................#######.#
.....................# .#
............##....... .#
#.#...)..#..###..... .
.##..$g.♣.$....# .###. .
......g†).PPP......
....P.....PP..##..##
..........P.P....##
......####.P.P..## .P....
#...P..# ...... +.....##
.P.P. ..P..# ..... ...


You could see a gnoll sergeant and a gnoll.

Vanquished Creatures
  A komodo dragon (D:9)
  A troll (D:8)
  A hornet (D:9)
  Sigmund (D:3)
  A wyvern (D:9)
  2 steam dragons
  A vampire mosquito (D:5)
  2 water moccasins
  An orc warrior (D:7)
  2 black bears
  2 sky beasts
  3 ogres
  A centaur (D:6)
  A phantom (D:7)
  6 bullfrogs
  12 scorpions
  20 wights
  2 howler monkeys (D:7)
  An electric eel (D:7)
  A vampire bat (D:7)
  4 orc priests
  3 jellies
  Crazy Yiuf (D:6)
  5 hounds
  2 gnoll boudas
  A sleepcap (D:8)
  An iron imp (D:8)
  Jessica (D:3)
  6 iguanas
  8 orc wizards
  14 gnolls
  4 adders
  A shadow imp (D:5)
  2 white imps
  An ufetubus (D:5)
  3 worms (D:2)
  40 orcs
  8 endoplasms
  7 giant cockroaches
  10 goblins
  7 hobgoblins
  3 jackals (D:1)
  6 quokkas
  2 ball pythons
  10 bats
  2 frilled lizards (D:1)
  7 kobolds
  5 rats
  A butterfly (D:5)
227 creatures vanquished.

Vanquished Creatures (others)
  10 fungi (D:9)
  12 plants (D:9)
22 creatures vanquished.

Grand Total: 249 creatures vanquished

Notes
Turn   | Place    | Note
-------+----------+-------------------------------------------
     0 | D:1      | nightchill the Minotaur Fighter began the quest for the
                  | Orb.
     0 | D:1      | Reached XP level 1. HP: 19/19 MP: 0/0
    66 | D:1      | Found a faded altar of an unknown god.
    80 | D:1      | Reached skill level 3 in Axes
    82 | D:1      | Reached XP level 2. HP: 27/27 MP: 1/1
   809 | D:2      | Reached skill level 4 in Axes
   809 | D:2      | Reached XP level 3. HP: 33/33 MP: 2/2
  1110 | D:2      | Reached XP level 4. HP: 37/41 MP: 3/3
  1342 | D:2      | Reached skill level 5 in Axes
  1700 | D:3      | Noticed Jessica
  1708 | D:3      | Killed Jessica
  1709 | D:3      | Reached XP level 5. HP: 42/47 MP: 2/4
  1763 | D:3      | Reached skill level 5 in Fighting
  1922 | D:3      | Found a sacrificial altar of Ru.
  1934 | D:3      | Became a worshipper of Ru the Awakened
  1948 | D:3      | Noticed Sigmund
  1982 | D:3      | Killed Sigmund
  1983 | D:3      | Reached skill level 6 in Axes
  1983 | D:3      | Reached XP level 6. HP: 26/57 MP: 2/5
  2721 | D:4      | Reached skill level 7 in Axes
  3029 | D:4      | Reached XP level 7. HP: 8/63 MP: 0/6
  3575 | D:5      | Entered Level 5 of the Dungeon
  3585 | D:5      | Identified the +3 short sword of Patterns {venom, Fly
                  | Str+2}
  3590 | D:5      | Reached skill level 8 in Axes
  3694 | D:5      | Gained mutation: You are frail. (-10% HP) [Ru sacrifice]
  3694 | D:5      | Reached * piety under Ru
  3836 | D:5      | Reached skill level 9 in Axes
  3969 | D:5      | Found a runed translucent door.
  3971 | D:5      | Found a runed translucent door.
  3971 | D:5      | Noticed a vampire mosquito
  3988 | D:5      | Killed a vampire mosquito
  3989 | D:5      | Reached XP level 8. HP: 58/65 MP: 7/7
  4000 | D:5      | Reached skill level 10 in Axes
  4524 | D:5      | Reached skill level 11 in Axes
  5057 | D:6      | Reached XP level 9. HP: 61/73 MP: 6/8
  5111 | D:6      | Found a runed translucent door.
  5112 | D:6      | Noticed Crazy Yiuf
  5398 | D:6      | Found a staircase to the Ecumenical Temple.
  5675 | D:6      | Killed Crazy Yiuf
  5676 | D:6      | Reached skill level 12 in Axes
  6084 | D:7      | Gained mutation: You cannot be stealthy. [Ru sacrifice]
  6084 | D:7      | Reached ** piety under Ru
  6267 | D:7      | Reached skill level 13 in Axes
  6466 | D:7      | Reached skill level 10 in Fighting
  7367 | D:8      | Reached skill level 14 in Axes
  7423 | D:8      | Reached XP level 10. HP: 84/84 MP: 9/9
  7472 | D:8      | Got the Compilation of Called Obstruction
  8424 | D:8      | Found a snail-covered altar of Cheibriados.
  8589 | D:9      | Reached skill level 15 in Axes
  8812 | D:9      | HP: 8/193 [gnoll/+0 halberd[a gnoll sergeant] (3)]
  8814 | D:9      | HP: 2/193 [gnoll/+0 halberd[a gnoll sergeant] (7)]
  8814 | D:9      | Slain by a gnoll sergeant

Illustrated notes

Levels and vault maps discovered:
D:1:      wander_arrival_chamber, layout_loops_ring,
          ebering_ecumenical_altar_ruins, minmay_misc_feat_tiny, grunt_decor_cap
D:2:      layout_basic, grunt_decor_clamped, minmay_tiny_reverse_x
D:3:      layout_loops_cross, mainiacjoe_overflow_six_doors_small,
          serial_rivers, chequers_serial_rivers_marsh,
          chequers_serial_rivers_small_3, chequers_serial_rivers_micro_d,
          chequers_serial_rivers_small_a, chequers_serial_rivers_small_a,
          chequers_serial_rivers_large_a, chequers_serial_rivers_small_3,
          minivault_5, bh_walls_and_bars, uniq_jessica, uniq_sigmund
D:4:      layout_gridville, hex_large
D:5:      lemuel_insect_pit, layout_basic
D:6:      layout_basic, minmay_temple_entry_drinking_statues,
          uniq_crazy_yiuf_cottage
D:7:      layout_basic, roderic_batcave, kennysheep_minor_cross
D:8:      layout_gridville, chei_slow_surprise
D:9:      layout_rooms, grunt_gozag_statues, grunt_lair_entry_orc_guard_hut,
          gammafunk_ghost_wrathful_warriors

Skill      XL: |  1  2  3  4  5  6  7  8  9 10 |
---------------+-------------------------------+-----
Axes           | 3 4 5 6 7 9 11 14 15 | 15.4
Fighting       | 4 5 6 7 8 10 11 | 11.5
Armour         | |  3.6
Shields        | |  3.6

Action                     |  1- 3 |  4- 6 |  7- 9 | 10-12 || total
---------------------------+-------+-------+-------+-------++-------
  Melee: War axe           |    75 |   102 |   240 |    84 ||   501
         Headbutt          |     9 |    14 |    29 |    15 ||    67
 Invoke: Sacrifice Health  |       |       |     1 |       ||     1
         Sacrifice Stealth |       |       |     1 |       ||     1
    Use: Potion            |       |     5 |     1 |     1 ||     7
 Armour: Scale mail        |    20 |       |       |       ||    20
         Chain mail        |    10 |    54 |    96 |       ||   160
         Skin              |       |     1 |       |    34 ||    35
         Plate armour      |       |       |    14 |    53 ||    67
  Dodge: Dodged            |    29 |    42 |    91 |    47 ||   209
  Block: Buckler           |    14 |    19 |       |       ||    33
